 Dungeon Crawl Stone Soup version 0.25.0-9-g26727b657a (webtiles) character file.

Game seed: 1243178317125246816

12397 HungrySpirit the Covert (level 11, -2/86 HPs)
             Began as a Gnoll Assassin on June 16, 2020.
             Was the Champion of Jiyva.
             Slain by a spiny frog (15 damage)
             ... on level 1 of the Lair of Beasts.
             The game lasted 00:18:15 (11473 turns).

HungrySpirit the Covert (Gnoll Assassin)           Turns: 11473, Time: 00:18:16

Health: -2/86      AC:  9    Str: 14    XL:     11   Next: 92%
Magic:  20/20      EV: 13    Int: 17    God:    Jiyva [******]
Gold:   540        SH:  6    Dex: 14    Spells: 23/23 levels left

rFire    + + .     SeeInvis +   g - +10 falchion of Epsynon {flame, rElec rPois rF+ MR+}
rCold    + + .     Gourm    .   u - +0 buckler
rNeg     . . .     Faith    .   z - +0 scale mail
rPois    +         Spirit   .   t - +0 helmet
rElec    +         Reflect  .   L - scarf {rC+ rF+}
rCorr    +         Harm     .   (no gloves)
MR       +....                  (no boots)
Stlth    +++.......             r - amulet of magic regeneration
HPRegen  0.24/turn              F - ring of the Cicada {*Contam Str-5 Dex+3 Slay+5 SInv}
MPRegen  0.42/turn              B - ring of protection from cold

@: no status effects
A: distributed training, fangs 1, jelly absorbing missiles, MP-powered wands,
strong nose
a: Request Jelly, Slimify, Cure Bad Mutation, Renounce Religion


You were on level 1 of the Lair of Beasts.
You worshipped Jiyva.
Jiyva was exalted by your worship.
You were completely stuffed.

You visited 3 branches of the dungeon, and saw 14 of its levels.
You also visited: Ossuary.

You collected 540 gold pieces.

Inventory:

Hand Weapons
 g - the +10 falchion of Epsynon (weapon) {flame, rElec rPois rF+ MR+}
   (You took it off a centaur on level 5 of the Dungeon)

   It has been specially enchanted to burn those struck by it, causing extra
   injury to most foes and up to half again as much damage against particularly
   susceptible opponents.
   Big, fiery blades are also staple armaments of hydra-hunters.
   It protects you from fire.
   It insulates you from electricity.
   It protects you from poison.
   It affects your resistance to hostile enchantments.
Missiles
 d - 68 poisoned darts (quivered)
 e - a curare-tipped dart
Armour
 t - a +0 helmet (worn)
 u - a +0 buckler (worn)
 x - a +0 plate armour
 z - a +0 scale mail (worn)
 L - a scarf of resistance (worn)
 P - +0 steam dragon scales
Jewellery
 r - an amulet of magic regeneration (around neck)
 B - a ring of protection from cold (right hand)
 F - the ring of the Cicada (left hand) {*Contam Str-5 Dex+3 Slay+5 SInv}
   (You found it on level 4 of the Dungeon)

   [ring of see invisible]

   It affects your strength (-5).
   It affects your dexterity (+3).
   It affects your accuracy and damage with ranged weapons and melee attacks
   (+5).
   It lets you see invisible.
   It causes magical contamination when unequipped.
Wands
 a - a wand of disintegration (23)
 y - a wand of flame (10)
 A - a wand of polymorph (15)
 K - a wand of random effects (9)
Scrolls
 b - 3 scrolls of enchant weapon {unknown}
 h - 8 scrolls of identify
 i - 5 scrolls of blinking {unknown}
 k - a scroll of fog {unknown}
 m - 4 scrolls of amnesia {unknown}
 n - 4 scrolls of remove curse {unknown}
 o - a scroll of noise {unknown}
 s - 4 scrolls of teleportation {unknown}
 C - 2 scrolls of magic mapping {unknown}
 E - 2 scrolls of immolation {unknown}
 J - 3 scrolls of enchant armour {unknown}
Potions
 c - a potion of mutation {unknown}
 j - a potion of haste {unknown}
 l - a potion of brilliance {unknown}
 p - a potion of magic {unknown}
 q - 2 potions of ambrosia {unknown}
 v - a potion of curing {unknown}
 w - 2 potions of flight {unknown}
 D - 2 potions of heal wounds
 G - 2 potions of might {unknown}
 H - 3 potions of degeneration {unknown}
 I - a potion of stabbing {unknown}
 M - 2 potions of lignification {unknown}
 N - a potion of cancellation {unknown}
Comestibles
 f - 14 rations


   Skills:
 + Level 8.1 Fighting
 + Level 8.1 Short Blades
 + Level 6.6 Long Blades
 + Level 6.6 Axes
 + Level 6.6 Maces & Flails
 + Level 6.6 Polearms
 + Level 6.6 Staves
 + Level 6.6 Slings
 + Level 6.6 Bows
 + Level 6.6 Crossbows
 + Level 8.1 Throwing
 + Level 6.6 Armour
 + Level 7.2 Dodging
 + Level 10.2 Stealth
 + Level 6.6 Shields
 + Level 6.6 Unarmed Combat
 + Level 6.6 Spellcasting
 + Level 5.5 Conjurations
 + Level 5.5 Hexes
 + Level 5.5 Charms
 + Level 5.5 Summonings
 + Level 5.5 Necromancy
 + Level 5.5 Translocations
 + Level 5.5 Transmutations
 + Level 5.5 Fire Magic
 + Level 5.5 Ice Magic
 + Level 5.5 Air Magic
 + Level 5.5 Earth Magic
 + Level 5.5 Poison Magic
 + Level 7.2 Invocations
 + Level 6.6 Evocations


You had 23 spell levels left.
You didn't know any spells.
Your spell library contained the following spells:

 Spells                   Type           Power        Failure   Level  Hunger
 Corona                   Hex            ###....      4%          1    None
 Ensorcelled Hibernation  Hex/Ice        ###...       7%          2    None
 Confusing Touch          Hex            ###.....     14%         3    ##.....
 Dazzling Flash           Conj/Hex       ###...       14%         3    ##.....
 Gell's Gravitas          Tloc           ###.......   14%         3    ##.....
 Tukima's Dance           Hex            ###.....     14%         3    ##.....
 Petrify                  Tmut/Erth      ###.....     43%         4    ####...
 Metabolic Englaciation   Hex/Ice        ###.......   78%         5    #####..
 Yara's Violent Unravell  Hex/Tmut       ###.......   78%         5    #####..


Dungeon Overview and Level Annotations

Branches:
Dungeon (11/15)            Temple (1/1) D:5            Lair (2/6) D:10
Ossuary (visited)
  Swamp: Lair:2-4    Shoals: Lair:2-4     Snake: Lair:2-4    Spider: Lair:2-4
    Orc: D:9-12

Altars:
Ashenzari
Cheibriados
Dithmenos
Elyvilon
Fedhas
Gozag
Hepliaklqana
Kikubaaqudgha
Makhleb
Nemelex Xobeh
Okawaru
Qazlal
Sif Muna
Trog
Uskayaw
Xom
Yredelemnul
The Shining One
Beogh
Jiyva

Shops:
D:9 =

Annotations:
D:9 2 runed translucent doors, Lanoc's ghost, novice GnMo
Lair:2 exclusion: 2 oklob plants


Innate Abilities, Weirdness & Mutations

Your experience applies equally to all skills.
You have very sharp teeth.
Your uncanny sense of smell can sniff out nearby items.
You have a small jelly attached to you that may absorb incoming projectiles.
You expend magic power (3 MP) to strengthen your wands.


Message History

The porcupine bites you. The porcupine bites you!
The spiny frog barely misses you. The porcupine bites you.
* * * LOW HITPOINT WARNING * * *
There is a stone staircase leading up here.
The spiny frog stings you!
* * * LOW HITPOINT WARNING * * *
You block the porcupine's attack.
You climb upwards.
There is a stone staircase leading down here.
The porcupine closely misses you. The porcupine barely misses you.
The spiny frog stings you but does no damage.
You feel much better. The spiny frog stings you!!
You hit the spiny frog. You burn the spiny frog.
The spiny frog is lightly wounded.
The spiny frog stings you!
* * * LOW HITPOINT WARNING * * *
The spiny frog stings you!
You die...

....#.#.......................#
....####......................##
.##.# #..##...........J......P#
..#.# #..###.................##
....## #.## #.................#
..#..# #.## #..r.......#......###
..#..###..###..#......###........
..#.###..###...##F...####........
+##.# ##.# ##>.#@##### #P.......#
....###..####..### ##.......#
.........#.##..# ##........
...............#########..[.....#
......#.P##.....................#
..........#.....................#
##...+....#........####.#####...#
##..#....#..###P#.P# ### #....
##.......#..# ###.## ##....


You could see a spiny frog and a neutral jelly (wandering) (fellow slime).

Vanquished Creatures
  A catoblepas (D:9)
  Sonja (Lair:2)
  A spiny frog (Lair:1)
  Maggie (Lair:2)
  A komodo dragon (Lair:1)
  4 hippogriffs
  25 yaks
  A wyvern (D:9)
  A water moccasin (D:10)
  An orc warrior (D:8)
  2 porcupines (Lair:1)
  A sky beast (D:9)
  A black bear (Lair:1)
  3 ice beasts
  4 phantoms
  4 centaurs
  4 ogres
  2 big kobolds
  4 bullfrogs
  2 gnoll sergeants (D:9)
  2 wyvern skeletons
  3 scorpions
  4 killer bees (D:5)
  5 wights (D:9)
  An electric eel (D:10)
  A howler monkey (D:9)
  2 crimson imps
  A centaur zombie (D:5)
  A quasit (D:8)
  2 bullfrog zombies
  5 orc priests
  7 hounds
  2 gnoll shamans
  A jelly (D:5)
  A bullfrog skeleton (D:8)
  Terence (D:2)
  5 iguanas
  2 orc wizards
  A worker ant (D:7)
  A killer bee zombie (D:7)
  A big kobold zombie (Ossuary)
  A hound skeleton (D:8)
  3 mummies (Ossuary)
  A worker ant zombie (D:5)
  8 adders
  17 gnolls
  A shadow imp (D:5)
  4 oozes
  An adder zombie (D:7)
  An adder skeleton (D:8)
  4 worms
  2 dart slugs
  6 leopard geckos
  46 orcs
  3 giant cockroaches
  A gnoll zombie (Ossuary)
  8 hobgoblins
  9 jackals
  5 quokkas
  2 ball pythons
  8 bats
  5 frilled lizards
  4 goblins
  2 hobgoblin zombies (Ossuary)
  2 jackal skeletons
  A jackal zombie (D:5)
  13 kobolds
  4 kobold zombies (Ossuary)
  A leopard gecko skeleton (D:5)
  A leopard gecko zombie (D:5)
  A quokka skeleton (D:4)
  6 quokka zombies (Ossuary)
  10 rats
  4 rat zombies (Ossuary)
  A plant (Lair:1)
299 creatures vanquished.

Vanquished Creatures (collateral kills)
  3 death yaks
  A komodo dragon (Lair:2)
4 creatures vanquished.

Vanquished Creatures (others)
  A wraith (D:8)
  Grum (D:9)
  A yak (D:10)
  A black bear (D:8)
  A necrophage (D:9)
  An ogre (D:8)
  A centaur (D:8)
  A scorpion (D:8)
  A howler monkey (D:6)
  34 jellies
  A centaur zombie (D:8)
  3 hounds (D:9)
  An orc wizard (D:8)
  An orc priest (D:8)
  A bullfrog skeleton (D:10)
  A centaur skeleton (D:8)
  2 worker ants (D:6)
  A hound zombie (D:10)
  2 adders
  A shadow imp (D:9)
  An adder skeleton (D:8)
  3 orcs
  2 jackals (D:9)
  A quokka (D:10)
  A fungus (Lair:2)
  4 plants (Lair:2)
69 creatures vanquished.

Grand Total: 372 creatures vanquished

Notes
Turn   | Place    | Note
-------+----------+-------------------------------------------
     0 | D:1      | HungrySpirit the Gnoll Assassin began the quest for the
                  | Orb.
     0 | D:1      | Reached XP level 1. HP: 20/20 MP: 1/1
    74 | D:1      | Reached XP level 2. HP: 7/26 MP: 2/2
   787 | D:2      | Found an iron altar of Okawaru.
   792 | D:2      | Reached XP level 3. HP: 31/31 MP: 3/3
   977 | D:2      | Found a glowing golden altar of the Shining One.
   992 | D:2      | Reached skill level 1 in Invocations
  1053 | D:2      | Reached skill level 1 in Long Blades
  1053 | D:2      | Reached skill level 1 in Axes
  1053 | D:2      | Reached skill level 1 in Maces & Flails
  1053 | D:2      | Reached skill level 1 in Polearms
  1053 | D:2      | Reached skill level 1 in Staves
  1053 | D:2      | Reached skill level 1 in Slings
  1053 | D:2      | Reached skill level 1 in Bows
  1053 | D:2      | Reached skill level 1 in Crossbows
  1053 | D:2      | Reached skill level 1 in Armour
  1053 | D:2      | Reached skill level 1 in Shields
  1053 | D:2      | Reached skill level 1 in Unarmed Combat
  1053 | D:2      | Reached skill level 1 in Spellcasting
  1053 | D:2      | Reached skill level 1 in Evocations
  1081 | D:2      | Reached XP level 4. HP: 33/38 MP: 5/5
  1382 | D:2      | Noticed Terence
  1388 | D:2      | Found a white marble altar of Elyvilon.
  1394 | D:2      | Killed Terence
  1394 | D:2      | Reached skill level 1 in Conjurations
  1394 | D:2      | Reached skill level 1 in Hexes
  1394 | D:2      | Reached skill level 1 in Charms
  1394 | D:2      | Reached skill level 1 in Summonings
  1394 | D:2      | Reached skill level 1 in Necromancy
  1394 | D:2      | Reached skill level 1 in Translocations
  1394 | D:2      | Reached skill level 1 in Transmutations
  1394 | D:2      | Reached skill level 1 in Fire Magic
  1394 | D:2      | Reached skill level 1 in Ice Magic
  1394 | D:2      | Reached skill level 1 in Air Magic
  1394 | D:2      | Reached skill level 1 in Earth Magic
  1394 | D:2      | Reached skill level 1 in Poison Magic
  1443 | D:2      | Found a stormy altar of Qazlal.
  1444 | D:2      | Found a bloodstained altar of Trog.
  1776 | D:3      | Reached XP level 5. HP: 43/43 MP: 6/6
  2738 | D:4      | Found a blossoming altar of Fedhas.
  2773 | D:4      | Reached skill level 8 in Stealth
  2773 | D:4      | Reached XP level 6. HP: 30/50 MP: 8/8
  3330 | D:4      | Noticed a phantom
  3369 | D:4      | Killed a phantom
  3369 | D:4      | Reached skill level 5 in Fighting
  3369 | D:4      | Reached skill level 5 in Short Blades
  3369 | D:4      | Reached skill level 5 in Throwing
  3571 | D:4      | Got a transparent brass ring
  3596 | D:5      | Entered Level 5 of the Dungeon
  3630 | D:5      | Found a sand-covered staircase.
  3638 | Ossuary  | Entered an ossuary
  3655 | Ossuary  | Reached XP level 7. HP: 42/56 MP: 10/10
  4431 | D:5      | Found a white marble altar of Elyvilon.
  4487 | D:5      | Identified the ring of the Cicada {*Contam Str-5 Dex+3
                  | Slay+5 SInv} (You found it on level 4 of the Dungeon)
  4621 | D:5      | Reached XP level 8. HP: 63/63 MP: 12/12
  5077 | D:5      | Identified the +10 falchion of Epsynon {flame, rElec rPois
                  | rF+ MR+}
  5383 | D:5      | Found a staircase to the Ecumenical Temple.
  5394 | Temple   | Entered the Ecumenical Temple
  5398 | Temple   | Became a worshipper of Jiyva Jeitaisk the Shapeless
  5575 | D:6      | Found a shattered altar of Ashenzari.
  5665 | D:6      | Reached * piety under Jiyva
  6032 | D:6      | Found a hazy altar of Hepliaklqana.
  6262 | D:7      | Found a shadowy altar of Dithmenos.
  6345 | D:7      | Reached ** piety under Jiyva
  6363 | D:7      | Reached XP level 9. HP: 69/69 MP: 14/14
  6386 | D:7      | Found a hide-covered altar of Uskayaw.
  6404 | D:7      | Found a sparkling altar of Nemelex Xobeh.
  6537 | D:7      | Found an opulent altar of Gozag.
  6618 | D:7      | Reached *** piety under Jiyva
  6620 | D:7      | Gained mutation: Your body has grown golden eyes which may
                  | confuse attackers. (Acc +3) [Jiyva's grace]
  6765 | D:8      | Found a shimmering altar of Xom.
  6772 | D:8      | Reached skill level 5 in Dodging
  6892 | D:8      | Reached **** piety under Jiyva
  7117 | D:8      | Gained mutation: You are agile. (Dex +2) [Jiyva's grace]
  7157 | D:8      | Reached skill level 9 in Stealth
  7379 | D:8      | Found a roughly hewn altar of Beogh.
  7524 | D:8      | Found a shimmering blue altar of Sif Muna.
  7744 | D:9      | Reached skill level 5 in Invocations
  7748 | D:9      | Reached ***** piety under Jiyva
  8076 | D:9      | Reached XP level 10. HP: 66/77 MP: 17/17
  8183 | D:9      | Lost mutation: You are agile. (Dex +2) [Jiyva's grace]
  8223 | D:9      | Reached skill level 5 in Long Blades
  8223 | D:9      | Reached skill level 5 in Axes
  8223 | D:9      | Reached skill level 5 in Maces & Flails
  8223 | D:9      | Reached skill level 5 in Polearms
  8223 | D:9      | Reached skill level 5 in Staves
  8223 | D:9      | Reached skill level 5 in Slings
  8223 | D:9      | Reached skill level 5 in Bows
  8223 | D:9      | Reached skill level 5 in Crossbows
  8223 | D:9      | Reached skill level 5 in Armour
  8223 | D:9      | Reached skill level 5 in Shields
  8223 | D:9      | Reached skill level 5 in Unarmed Combat
  8223 | D:9      | Reached skill level 5 in Spellcasting
  8223 | D:9      | Reached skill level 5 in Evocations
  8311 | D:9      | Gained mutation: You occasionally shout uncontrollably at
                  | your foes. [Jiyva's grace]
  8400 | D:9      | Noticed Grum
  8427 | D:9      | Found a runed translucent door.
  8449 | D:9      | Lost mutation: You occasionally shout uncontrollably at
                  | your foes. [Jiyva's grace]
  8584 | D:9      | Found a basalt altar of Yredelemnul.
  8609 | D:9      | Noticed Lanoc's ghost (novice GnMo)
  8615 | D:9      | Found a runed translucent door.
  8662 | D:9      | Reached ****** piety under Jiyva
  8684 | D:9      | Killed Grum
  8746 | D:9      | Noticed a catoblepas
  8763 | D:9      | Killed a catoblepas
  9042 | D:9      | Found Zank's Jewellery Boutique.
  9122 | D:10     | Entered Level 10 of the Dungeon
  9164 | D:10     | Noticed a death yak
  9165 | D:10     | Noticed a death yak
  9169 | D:10     | Noticed a death yak
  9179 | D:9      | Killed a death yak
  9366 | D:10     | Killed a death yak
  9368 | D:10     | Killed a death yak
  9368 | D:10     | Reached XP level 11. HP: 48/84 MP: 19/19
  9374 | D:10     | Gained mutation: You expend magic power (3 MP) to
                  | strengthen your wands. [Jiyva's grace]
  9396 | D:10     | Found a staircase to the Lair.
  9864 | D:10     | You fall into a shaft and drop 1 floor!
  9913 | Lair:1   | Entered Level 1 of the Lair of Beasts
  9930 | Lair:1   | Reached skill level 5 in Conjurations
  9930 | Lair:1   | Reached skill level 5 in Hexes
  9930 | Lair:1   | Reached skill level 5 in Charms
  9930 | Lair:1   | Reached skill level 5 in Summonings
  9930 | Lair:1   | Reached skill level 5 in Necromancy
  9930 | Lair:1   | Reached skill level 5 in Translocations
  9930 | Lair:1   | Reached skill level 5 in Transmutations
  9930 | Lair:1   | Reached skill level 5 in Fire Magic
  9930 | Lair:1   | Reached skill level 5 in Ice Magic
  9930 | Lair:1   | Reached skill level 5 in Air Magic
  9930 | Lair:1   | Reached skill level 5 in Earth Magic
  9930 | Lair:1   | Reached skill level 5 in Poison Magic
 10217 | Lair:1   | Reached skill level 10 in Stealth
 10548 | Lair:1   | Gained mutation: You have a small jelly attached to you
                  | that may absorb incoming projectiles. [Jiyva's grace]
 11062 | Lair:2   | Noticed an oklob plant
 11062 | Lair:2   | Noticed an oklob plant
 11069 | Lair:2   | Noticed a four-headed hydra
 11118 | Lair:2   | Noticed Maggie
 11152 | Lair:2   | Killed Maggie
 11347 | Lair:2   | Lost mutation: Your body has grown golden eyes which may
                  | confuse attackers. (Acc +3) [Jiyva's grace]
 11364 | Lair:2   | Noticed Sonja
 11371 | Lair:2   | Killed Sonja
 11473 | Lair:1   | Slain by a spiny frog

Illustrated notes

Levels and vault maps discovered:
D:1:      mrwooster_arrival_arrow, layout_basic, serial_bayou_pond_a
D:2:      layout_loops_ring, tso_metal_star, gammafunk_temple_overflow_claw,
          minmay_crystal_water, okawaru_gym_becter, uniq_terence
D:3:      layout_basic, minmay_misc_feat_columns, kennysheep_generic_room_9
D:4:      layout_loops_ring, lemuel_doored_altar
D:5:      layout_cave_pods, minmay_temple_entry_poolview, enter_ossuary_5,
          first_ration, elyvilon_altar_5
D:6:      layout_basic, kennysheep_mini_moat, old_standard_altar,
          kennysheep_generic_room_12
D:7:      layout_basic, nicolae_overflow_crystal_walls,
          overflow_temple_1_default, overflow_temple_1_default,
          nicolae_gozag_cash_rules_everything_around_me
D:8:      minmay_clustersquares, layout_basic, led_sif_pool,
          overflow_temple_1_default, special_room [special_room_orc]
D:9:      layout_cave_pools, serial_gnoll_camp, gnoll_camp_mini_hut,
          gnoll_camp_mini_shop, gnoll_camp_huts_basic, grums_kennel,
          gnoll_camp_mini_hut, hellmonk_ghost_happy_afterlife,
          dk_yredelemnul_ordeal
D:10:     layout_big_octagon, dpeg_lair_monsters,
          hangedman_little_slice_of_home, kennysheep_generic_room_2
D:11:     layout_basic, serial_ice, serial_ice_d, serial_ice_k, serial_ice_b,
          serial_ice_n, portal_ice_cave_entry_pillars_1
Temple:   pf_slimified_temple
Lair:1:   layout_chaotic_city, hibernation_bobbens
Lair:2:   layout_regular_city, minmay_another_anthill,
          minmay_lair_oklob_chamber, uniq_maggie, uniq_sonja

Skill      XL: |  1  2  3  4  5  6  7  8  9 10 11 |
---------------+----------------------------------+-----
Invocations    | 1 2 3 4 5 6 7 |  7.2
Long Blades    | 1 2 3 4 5 6 |  6.6
Axes           | 1 2 3 4 5 6 |  6.6
Maces & Flails | 1 2 3 4 5 6 |  6.6
Polearms       | 1 2 3 4 5 6 |  6.6
Staves         | 1 2 3 4 5 6 |  6.6
Slings         | 1 2 3 4 5 6 |  6.6
Bows           | 1 2 3 4 5 6 |  6.6
Crossbows      | 1 2 3 4 5 6 |  6.6
Armour         | 1 2 3 4 5 6 |  6.6
Shields        | 1 2 3 4 5 6 |  6.6
Unarmed Combat | 1 2 3 4 5 6 |  6.6
Spellcasting   | 1 2 3 4 5 6 |  6.6
Evocations     | 1 2 3 4 5 6 |  6.6
Conjurations   | 1 2 3 4 5 |  5.5
Hexes          | 1 2 3 4 5 |  5.5
Charms         | 1 2 3 4 5 |  5.5
Summonings     | 1 2 3 4 5 |  5.5
Necromancy     | 1 2 3 4 5 |  5.5
Translocations | 1 2 3 4 5 |  5.5
Transmutations | 1 2 3 4 5 |  5.5
Fire Magic     | 1 2 3 4 5 |  5.5
Ice Magic      | 1 2 3 4 5 |  5.5
Air Magic      | 1 2 3 4 5 |  5.5
Earth Magic    | 1 2 3 4 5 |  5.5
Poison Magic   | 1 2 3 4 5 |  5.5
Dodging        | 3 4 5 6 7 |  7.2
Stealth        | 8 9 10 | 10.2
Fighting       | 5 6 7 8 |  8.1
Short Blades   | 5 6 7 8 |  8.1
Throwing       | 5 6 7 8 |  8.1

Action                   |  1- 3 |  4- 6 |  7- 9 | 10-12 || total
-------------------------+-------+-------+-------+-------++-------
Melee: Dagger            |    22 |       |    41 |       ||    63
       Bite              |     9 |    33 |    44 |    37 ||   123
       Short sword       |    77 |   250 |   228 |       ||   555
       Punch             |       |     2 |     8 |     1 ||    11
       Falchion          |       |       |   157 |   237 ||   394
Throw: Dart              |       |    12 |    20 |     1 ||    33
Evoke: Wand              |       |     6 |       |     4 ||    10
  Use: Scroll            |       |       |     3 |       ||     3
       Potion            |       |       |       |     1 ||     1
 Stab: Sleeping          |    10 |     9 |    10 |     4 ||    33
       Distracted        |       |       |     1 |       ||     1
       Confused          |       |       |     3 |     3 ||     6
  Eat: Chunk             |     1 |     8 |     9 |       ||    18
Armor: Robe              |     1 |       |       |       ||     1
       Ring mail         |    18 |    38 |       |       ||    56
       Plate armour      |       |    16 |       |       ||    16
       Scale mail        |       |    33 |   183 |    90 ||   306
Dodge: Dodged            |    32 |   103 |   205 |   129 ||   469
Block: Buckler           |       |       |       |    46 ||    46
       Rpst.: Falchion   |       |       |    16 |    35 ||    51
